Map: Ulrena

Players

MotiveForce - Winner!

  • Race: Zerg Zerg
  • League: Master

Phife

  • Race: Terran Terran
  • League: Diamond

VOD

Have the link to the VOD?

Description

Time

  • Played on: April 27, 2016, 6:31 p.m.
  • Length: 5:19
Show
View Real Time Build Order
Export as new Build Order

MotiveForce Zerg - Winner!

Build Orders: Pool First 

Get SALT Encoding   

  12  0:01  Drone  
  13  0:15  Drone  
  13  0:18  Overlord  
  14  0:26  Extractor, Drone  
  15  0:41  Drone x2  
  17  0:51  Spawning Pool  
  16  0:59  Extractor, Drone  
  17  1:23  Hatchery  
  16  1:27  Drone  
  16  1:32  Overlord  
  17  1:49  Zergling x6  
  20  2:11  Drone  
  20  2:12  Drone  
  22  2:18  Queen  
  24  2:24  Overlord  
  23  2:45  Drone x3  
  23  2:46  Queen  
  28  2:54  Drone x2  
  28  2:59  Queen  
  28  3:04  Zergling x2  
  31  3:10  Zergling x2  
  31  3:11  Zergling x2  
  32  3:22  Zergling x4  
  34  3:29  Queen  
  34  3:30  Overlord  
  34  3:32  Extractor  
  34  3:33  Extractor, Drone  
  34  3:34  Roach Warren  
  34  3:48  Drone x3  
  34  3:49  Drone  
  38  4:02  Overlord x3  
  38  4:31  Roach x5  
  44  4:32  Roach  
  50  4:41  Roach x3  
  55  4:56  Roach x3  
  55  4:57  Roach  
Show
View Real Time Build Order
Export as new Build Order

Phife Terran 

Build Orders:  

Get SALT Encoding   

  12  0:00  SCV  
  13  0:13  SCV  
  14  0:19  Supply Depot  
  14  0:25  SCV  
  15  0:53  Barracks  
  15  0:56  Refinery  
  15  1:19  Refinery  
  15  1:24  Barracks x2  
  15  1:43  Reaper  
  16  1:51  Supply Depot  
  14  2:15  Reaper  
  15  2:47  Reaper  
  15  3:09  Barracks  
  15  3:19  Reaper  
  16  3:31  Reaper  
  17  3:38  SCV  
  18  3:51  Reaper  
  19  3:59  Reaper  
  20  4:03  Reaper  
  21  4:23  Reaper  
  22  4:31  Reaper  
  22  4:35  Reaper  
Tags
 
Add a new tag
Caveats
  • Supply blocks, unpowered buildings, or Contaminate may cause inaccurate times.
  • Supply counts are checked every 10 seconds.